 Dungeon Crawl Stone Soup version 0.27.0-1-g7a089689b8 (webtiles) character file.

Game seed: 6070015423396933815

1 inmateoo the Caller (level 1, 0/14 HPs)
             Began as a Demigod Summoner on Aug 1, 2021.
             Slain by a hobgoblin (5 damage)
             ... on level 1 of the Dungeon.
             The game lasted 00:00:28 (160 turns).

inmateoo the Caller (Demigod Summoner)               Turns: 160, Time: 00:00:29

Health: 0/14       AC:  2    Str:  9    XL:     1   Next: 13%
Magic:  4/5        EV: 12    Int: 17    God:
Gold:   0          SH:  0    Dex: 14    Spells: 2/3 levels left

rFire    . . .     SeeInvis .   b - +0 dagger
rCold    . . .     Faith    .   (no shield)
rNeg     . . .     Spirit   .   a - +0 robe
rPois    .         Reflect  .   (no helmet)
rElec    .         Harm     .   (no cloak)
rCorr    .         Rampage  .   (no gloves)
Will     .....                  (no boots)
Stlth    ++........             (no amulet)
HPRegen  0.04/turn              (no ring)
MPRegen  0.09/turn              (no ring)

@: no status effects
A: high mp 1, forlorn
a: no special abilities


You were on level 1 of the Dungeon.
You visited 1 branch of the dungeon, and saw 1 of its levels.

Inventory:

Hand Weapons
 b - a +0 dagger (weapon)
Armour
 a - a +0 robe (worn)


   Skills:
 + Level 1.8 Dodging
 + Level 1.8 Stealth
 + Level 1.8 Spellcasting
 + Level 3.6 Summonings


You had 2 spell levels left.
You knew the following spells:

 Your Spells              Type           Power      Damage    Failure   Level
a - Summon Small Mammal   Summ           52%        N/A       4%          1

Your spell library contained the following spells:

 Spells                   Type           Power      Damage    Failure   Level
 Call Imp                 Summ           13%        N/A       7%          2
 Call Canine Familiar     Summ           13%        N/A       14%         3
 Summon Guardian Golem    Hex/Summ       7%         N/A       28%         3
 Summon Lightning Spire   Summ/Air       7%         N/A       67%         4


Dungeon Overview and Level Annotations

Branches:
Dungeon (1/15)

Shops:
D:1 =


Innate Abilities, Weirdness & Mutations

Your attributes grow dramatically as you level up.
You have an increased reservoir of magic. (+10% MP)
You shall have no god before yourself.


Message History

A quokka comes into view.
You see here a +0 dagger.
b - a +0 dagger
b - a +0 dagger (weapon)
You hit the quokka.
The quokka is moderately wounded.
The quokka misses you.
Casting: Summon Small Mammal (safe; 4% risk of failure)
Confirm with . or Enter, or press ? or * to list all spells.
The quokka bites you but does no damage.
You hit the quokka.
The quokka is severely wounded.
The quokka bites you. x2
You hit the quokka.
You kill the quokka!
You see here a quokka corpse.
You start resting.
Magic restored.
You start resting.
Your rat disappears in a puff of smoke!
HP restored.
A hobgoblin comes into view.
The hobgoblin shouts!
The hobgoblin hits you but does no damage.
Casting: Summon Small Mammal (safe; 4% risk of failure)
Confirm with . or Enter, or press ? or * to list all spells.
The hobgoblin hits you.
You closely miss the hobgoblin.
Your bat closely misses the hobgoblin.
The hobgoblin closely misses you.
You hit the hobgoblin but do no damage.
Your bat hits the hobgoblin but does no damage.
Your bat closely misses the hobgoblin.
The hobgoblin hits you.
You hit the hobgoblin.
The hobgoblin is severely wounded.
Your bat barely misses the hobgoblin.
The hobgoblin hits you.
You are too injured to fight recklessly!
You hit the hobgoblin but do no damage.
The hobgoblin is severely wounded.
Your bat barely misses the hobgoblin.
The hobgoblin hits you.
You die...

.........### .
..........#.. ..
..........#.# #.
..........#.# #.
..........#.###########.
........................
.........##.......####..
........b.........# #⌠.⌠
.......@..#.......# #.∩.
#######g#.#...†...# #⌠.⌠
...#.#.......# #...
#####.#.......# ##..
#+######### #.. #.. #..
##.


You could see a hobgoblin (ally target) and a friendly bat (summoned).

Vanquished Creatures
  A quokka (D:1)
1 creature vanquished.

Notes
Turn   | Place    | Note
-------+----------+-------------------------------------------
     0 | D:1      | inmateoo the Demigod Summoner began the quest for the Orb.
     0 | D:1      | Reached XP level 1. HP: 14/14 MP: 5/5
     2 | D:1      | Found Ucuuhone's Jewellery Shoppe.
   160 | D:1      | Slain by a hobgoblin

Illustrated notes

Levels and vault maps discovered:
D:1:      dpeg_arrival_houses_and_road, layout_basic, serial_shops,
          shop_fountains, shop_fountains, shop, palyth_stone_intersect

Action                   || total
-------------------------++-------
Melee: Dagger            ||     7
 Cast: Summon Small Mamm ||     2
Armor: Robe              ||     2
Dodge: Dodged            ||     2
